 Dungeon Crawl Stone Soup version 0.31-a0-868-g674d60d6f7 (webtiles) character file.

Game seed: 13337329677841860144

4 TheGamechu the Shooter (level 1, 0/12 HPs)
             Began as a Gargoyle Hunter on Oct 11, 2023.
             Slain by an endoplasm (2 damage)
             ... on level 1 of the Dungeon.
             The game lasted 00:00:42 (309 turns).

TheGamechu the Shooter (Gargoyle Hunter)             Turns: 309, Time: 00:00:42

Health: 0/12       AC:  5    Str: 14    XL:     1   Next: 70%
Magic:  1/1        EV: 11    Int:  9    God:
Gold:   30         SH:  0    Dex: 13    Spells: 0/0 levels left

rFire   . . .        a - +0 shortbow
rCold   . . .        (shield currently unavailable)
rNeg    + + .        c - +0 leather armour
rPois   ∞            (no helmet)
rElec   +            (no cloak)
rCorr   .            (no gloves)
SInv    .            (no boots)
Will    .....        (no amulet)
Stlth   +            f - ring of positive energy
HPRegen 0.22/turn    (no ring)
MPRegen 0.07/turn

%: no passive effects
@: no status effects
A: sickness immunity, AC +2, negative energy resistance 1, electricity
resistance, torment resistance 1, petrification resistance
a: no special abilities


You were on level 1 of the Dungeon.
You visited 1 branch of the dungeon, and saw 1 of its levels.

You collected 30 gold pieces.

Inventory:

Hand Weapons
 a - a +0 shortbow (weapon)
Armour
 c - a +0 leather armour (worn)
Jewellery
 f - a ring of positive energy (left hand)
Scrolls
 b - a scroll of butterflies
 d - a scroll of enchant weapon {unknown}
Potions
 e - a potion of degeneration {unknown}
 g - a potion of curing {unknown}
 h - 2 potions of might {unknown}


   Skills:
 - Level 2.1 Fighting
 + Level 4.2 Ranged Weapons
 - Level 1.5 Dodging
 - Level 1.1 Stealth


You couldn't memorise any spells.
You didn't know any spells.
Your spell library was empty.

Dungeon Overview and Level Annotations

Branches:
Dungeon (1/15)

Altars:


Innate Abilities, Weirdness & Mutations

You are immune to sickness and miasma.
Your stone body is resilient. (AC +2)
You are immune to poison.
You resist negative energy. (rN+)
You are resistant to electric shocks. (rElec)
You are resistant to unholy torment.
You are immune to petrification.


Message History

The hobgoblin misses you.
The hobgoblin hits you but does no damage.
You shoot an arrow. The arrow barely misses the hobgoblin.
The endoplasm barely misses you. The hobgoblin hits you.
You shoot an arrow. The arrow barely misses the hobgoblin.
The endoplasm hits you but does no damage.
The hobgoblin closely misses you.
You shoot an arrow. The arrow hits the hobgoblin.
The hobgoblin is severely wounded.
The endoplasm freezes you.
You are frozen.
The hobgoblin hits you.
* * * LOW HITPOINT WARNING * * *
You are too injured to fight recklessly!
You are too injured to fight recklessly!
You are too injured to fight recklessly!
You are too injured to fight recklessly!
You are too injured to fight recklessly!
You are too injured to fight recklessly!
You are too injured to fight recklessly!
You are too injured to fight recklessly!
You are too injured to fight recklessly!
You are too injured to fight recklessly!
You are too injured to fight recklessly!
You shoot an arrow.
The arrow completely misses the hobgoblin.
The endoplasm closely misses you.
The hobgoblin hits you but does no damage.
The endoplasm freezes you.
You are frozen.
* * * LOW HITPOINT WARNING * * *
The hobgoblin hits you but does no damage.
You shoot an arrow. The arrow closely misses the hobgoblin.
The endoplasm barely misses you.
The hobgoblin hits you but does no damage.
A hobgoblin comes into view.
Unknown command.
The hobgoblin attacks as it pursues you!
The hobgoblin hits you but does no damage.
The endoplasm hits you.
You die...

..........##≈.#.#...≈§§...
######'#.##§...#.§≈≈.§§≈§
#.#.##≈≈≈.#.≈§§§§§§.
g######.#.###.§.#.≈§≈≈§§§.
......#.#.# #§§§..§§§§).§.
#.....# #§§≈≈.≈§≈.§.≈≈
#...g.# #.§.≈...§.....
###...J.# ###.≈≈≈.≈.≈≈≈.
........@# #...≈...≈...
#.##.......# ###.≈≈≈≈≈.≈≈
.. ###.#####........§§§≈.
# #.# ########.§≈≈. #.#
....≈... #. #.≈≈≈≈§##
...§§§..#. §≈≈§#####. ####
#.


You could see an endoplasm and a hobgoblin.

Vanquished Creatures
  A dart slug (D:1)
  A giant cockroach (D:1)
  A bat (D:1)
3 creatures vanquished.

Notes
Turn   | Place    | Note
-------+----------+-------------------------------------------
     0 | D:1      | TheGamechu the Gargoyle Hunter began the quest for the Orb.
     0 | D:1      | Reached XP level 1. HP: 12/12 MP: 1/1
   309 | D:1      | Slain by an endoplasm

Illustrated notes

Levels and vault maps discovered:
D:1:      psy_arrival_radial02, layout_loops_corners, st_stairs_10,
          minmay_pentomino_o2

Action                     || total
---------------------------++-------
   Fire: Shortbow          ||    16
 Armour: Leather armour    ||     9
  Dodge: Dodged            ||     6

Table legend: (Time is in decaauts)
 A = Elapsed time spent in this place.
 B = Non-inter-level travel time spent in this place.
 C = Inter-level travel time spent in this place.
 D = Time resting spent in this place.
 E = Time spent auto-exploring this place.
 F = Levels seen in this place.
 G = Mean time per level.
                   A        B        C        D        E       F      G
               +--------+--------+--------+--------+--------+-----+--------+
         Total |    312 |    312 |      0 |      0 |    281 |   1 |  312.0 |
       Dungeon |    312 |    312 |      0 |      0 |    281 |   1 |  312.0 |
               +--------+--------+--------+--------+--------+-----+--------+

Top non-repeatable levels by time:
     D:1: 312 daAuts
